Connexion

Griffins vs Palm Springs Eager

Created - 5 octobre 2023 at 05:47

Goals
1 2 3 T
Griffins 0 2 2 4
Palm Springs Eager 4 1 1 6
Shots
1 2 3 T
Griffins 6 10 10 26
Palm Springs Eager 11 18 12 41

GoalsPenalties
1st period
1. Palm Springs Eager , Nico Sturm 7 (Gavin Bayreuther 12, Lias Andersson 8) at 1:29
2. Palm Springs Eager , Dmitry Ovchinnikov 3 (Scott Reedy 3, Gavin Bayreuther 13) at 5:04
3. Palm Springs Eager , Saku Maenalanen 11 (Michael Anderson 8) at 5:17
4. Palm Springs Eager , Saku Maenalanen 12 (Radko Gudas 8, Jonathan Toews 13) at 18:59 (PP)
Radko Gudas (SEA) for Holding (Minor) at 6:56
Jack Dugan (GRG) for Tripping (Minor) at 18:34
2nd period
5. Palm Springs Eager , Nico Sturm 8 (Mike Hardman 8, Colin Miller 10) at 5:27
6. Griffins , Aidan Dudas 4 (Pavel Dorofeyev 6, Drew O'Connor 2) at 7:12
7. Griffins , Drew O'Connor 3 (Aidan Dudas 1) at 12:27
Colin Miller (SEA) for Slashing (Minor) at 0:29
3rd period
8. Griffins , Fillip Zadina 11 (Dylan Coghlan 10, Tyler Benson 5) at 8:27
9. Griffins , Nick Merkley 8 (Jake Walman 8, Jacob Larsson 19) at 13:23
10. Palm Springs Eager , Saku Maenalanen 13 (Ryan Graves 15, Lias Andersson 9) at 19:45 (Empty Net)
Shane Gersich (GRG) for Hooking (Minor) at 1:16
Radko Gudas (SEA) for Boarding (Minor) at 17:12
Goalie Stats
Veini Vehvilainen (GRG), 28 saves from 29 shots - (0,966), L, 1-2-1, 40:21 minutes
Justus Annunen (GRG), 7 saves from 11 shots - (0,636), 18:59 minutes
Joseph Woll (SEA), 22 saves from 26 shots - (0,846), W, 4-1-1, 60:00 minutes
3 StarsOfficial
1 - Saku Maenalanen (SEA)
2 - Nico Sturm (SEA)
3 - Lias Andersson (SEA)
Referees : Gord Dwyer and Frederick L'Ecuyer
Linesman : David Brisebois and Derek Amell
Game Note
Veini Vehvilainen enters game at 18:59 of 1st period
Gabriel Carlsson is injured at 0:52 of 3rd period (Torso)
Saku Maenalanen has scored a Hat Trick!
Saku Maenalanen has scored in a empty net!
Finance
Level 1 -- Attendance: 1897 (94,85%) -- Ticket Income 66 395 $
Level 2 -- Attendance: 921 (92,10%) -- Ticket Income 13 815 $
Total Attendance: 2818 (93,93%)
Total Ticket Income: 80 210 $
Other Income: 16 042 $
Total Income: 96 252 $



Team Name Goals Shots Shots Attemp Shots Blocked PIM HIT PP PK FO%
Griffins 4265894190 / 3 (0%)145%
Palm Springs Eager 64176146151 / 2 (50%)055%

Griffins
Player Name POS G A P +/- PIM HIT SHT SB MP PP MP PP SHT PK MP PK SHT FO% FOT
Aidan DudasC/LW1121002014:180:0600:00038% 21
Drew O'ConnorLW1121001014:480:0000:360100% 1
Dylan CoghlanD011-1002224:253:1601:4300% 0
Fillip ZadinaRW101-2004124:123:1301:30060% 5
Gabriel CarlssonD000-2010116:012:0000:2500% 0
Ivan ChekhovichLW000000002:390:0000:0000% 1
Jack AhcanD000-2023123:352:3520:4100% 0
Jack DuganLW0000210020:352:3800:00075% 4
Jacob LarssonD0110030122:383:0800:4100% 0
Jake DotchinD0001020016:250:3901:1800% 0
Jake WalmanD0112011216:460:1600:0000% 0
Jonathan DahlenLW000-100001:260:0600:3600% 0
Marc McLaughlinC0000013120:362:3810:00043% 28
Nick MerkleyRW1010013020:542:3800:1800% 1
Pavel DorofeyevLW/RW0111021014:180:0600:00050% 2
Sasha ChmelevskiC/RW000-1042019:473:1300:18054% 28
Shane GersichC/LW000021002:380:0000:0000% 3
Tyler BensonLW011-2004021:333:1321:30033% 3
Palm Springs Eager
Player Name POS G A P +/- PIM HIT SHT SB MP PP MP PP SHT PK MP PK SHT FO% FOT
Alexander CampbellC/LW000000006:260:0000:0000% 0
Alexander GordinC/RW000000106:260:0000:0000% 0
Colin MillerD0111201224:531:1311:4100% 0
Dmitry OvchinnikovLW101-1004011:390:0000:0000% 2
Gavin BayreutherD0220000121:231:1103:4200% 0
Jimmy LodgeC/RW000-1001111:390:0000:00050% 2
Jonathan ToewsC011-1054022:571:2313:52061% 36
Lias AnderssonC0223006018:581:0112:05060% 20
Michael AndersonD0110010013:090:0000:0000% 0
Mike HardmanC/LW/RW0113004117:121:0100:19067% 3
Nico SturmC/LW2022018018:241:0102:05050% 2
Radko GudasD0110401218:291:1110:5000% 0
Riley DuranC000000006:260:0000:00055% 11
Ryan GravesD0111011426:031:1312:5000% 0
Saku MaenalanenC/LW/RW3030038019:391:2320:000100% 3
Scott MayfieldD0000000316:000:0002:5100% 0
Scott ReedyC011-1030011:390:0000:00035% 17
Steven LorentzC/LW000-1012022:381:2303:3300% 1



Play-by-Play

1st period


0:01 of 1st period - Jonathan Toews wins face-off versus Sasha Chmelevski in neutral zone.
1:00 of 1st period - Off-side.
1:01 of 1st period - Lias Andersson wins face-off versus Aidan Dudas in neutral zone.
1:15 of 1st period - Shot by Lias Andersson.
1:15 of 1st period - Deflect By Mike Hardman.
1:15 of 1st period - Shot Misses the Net.
1:17 of 1st period - Shot by Nico Sturm.
1:17 of 1st period - Shot Blocked by Jake Walman.
1:29 of 1st period - Shot by Nico Sturm.
1:29 of 1st period - Goal by Nico Sturm - Griffins : 0 - Palm Springs Eager : 1.
1:30 of 1st period - Marc McLaughlin wins face-off versus Scott Reedy in neutral zone.
1:33 of 1st period - Shot by Jacob Larsson.
1:33 of 1st period - Shot Blocked by Jimmy Lodge.
1:35 of 1st period - Shot by Jacob Larsson.
1:35 of 1st period - Shot Misses the Net.
2:53 of 1st period - Icing by Shane Gersich.
2:54 of 1st period - Riley Duran wins face-off versus Shane Gersich in Griffins zone.
3:41 of 1st period - Shot by Jake Dotchin.
3:41 of 1st period - Shot Blocked by Colin Miller.
3:43 of 1st period - Shot by Jake Dotchin.
3:43 of 1st period - Shot Blocked by Ryan Graves.
4:28 of 1st period - Shot by Nick Merkley.
4:28 of 1st period - Deflect By Marc McLaughlin.
4:28 of 1st period - Stopped by Joseph Woll without a rebound.
4:29 of 1st period - Lias Andersson wins face-off versus Sasha Chmelevski in Palm Springs Eager zone.
4:40 of 1st period - Shot by Lias Andersson.
4:40 of 1st period - Stopped by Justus Annunen without a rebound.
4:41 of 1st period - Marc McLaughlin wins face-off versus Scott Reedy in Griffins zone.
5:00 of 1st period - Shot by Scott Reedy.
5:00 of 1st period - Shot Misses the Net.
5:02 of 1st period - Shot by Dmitry Ovchinnikov.
5:02 of 1st period - Shot Misses the Net.
5:04 of 1st period - Shot by Dmitry Ovchinnikov.
5:04 of 1st period - Goal by Dmitry Ovchinnikov - Griffins : 0 - Palm Springs Eager : 2.
5:05 of 1st period - Jonathan Toews wins face-off versus Sasha Chmelevski in neutral zone.
5:08 of 1st period - Tyler Benson is hit by Jonathan Toews and loses puck.
5:17 of 1st period - Shot by Saku Maenalanen.
5:17 of 1st period - Goal by Saku Maenalanen - Griffins : 0 - Palm Springs Eager : 3.
5:18 of 1st period - Lias Andersson wins face-off versus Aidan Dudas in neutral zone.
5:23 of 1st period - Shot by Nico Sturm.
5:23 of 1st period - Deflect By Lias Andersson.
5:23 of 1st period - Stopped by Justus Annunen without a rebound.
5:24 of 1st period - Jonathan Toews wins face-off versus Sasha Chmelevski in Griffins zone.
6:04 of 1st period - Dylan Coghlan is hit by Jonathan Toews and loses puck.
6:20 of 1st period - Icing by Saku Maenalanen.
6:21 of 1st period - Jonathan Toews wins face-off versus Marc McLaughlin in Palm Springs Eager zone.
6:25 of 1st period - Icing by Steven Lorentz.
6:26 of 1st period - Jonathan Toews wins face-off versus Marc McLaughlin in Palm Springs Eager zone.
6:53 of 1st period - Shot by Nick Merkley.
6:53 of 1st period - Shot Blocked by Radko Gudas.
6:55 of 1st period - Shot by Nick Merkley.
6:55 of 1st period - Shot Misses the Net.
6:56 of 1st period - Minor Penalty to Radko Gudas for Holding.
6:57 of 1st period - Jonathan Toews wins face-off versus Sasha Chmelevski in Palm Springs Eager zone.
7:46 of 1st period - Shot by Nico Sturm.
7:46 of 1st period - Shot Blocked by Fillip Zadina.
7:48 of 1st period - Shot by Lias Andersson.
7:48 of 1st period - Shot Misses the Net.
9:03 of 1st period - Shot by Pavel Dorofeyev.
9:03 of 1st period - Stopped by Joseph Woll without a rebound.
9:04 of 1st period - Scott Reedy wins face-off versus Aidan Dudas in Palm Springs Eager zone.
10:13 of 1st period - Icing by Fillip Zadina.
10:14 of 1st period - Lias Andersson wins face-off versus Shane Gersich in Griffins zone.
10:58 of 1st period - Icing by Gavin Bayreuther.
10:59 of 1st period - Marc McLaughlin wins face-off versus Lias Andersson in Palm Springs Eager zone.
11:13 of 1st period - Icing by Gavin Bayreuther.
11:14 of 1st period - Lias Andersson wins face-off versus Aidan Dudas in Palm Springs Eager zone.
11:18 of 1st period - Mike Hardman is hit by Pavel Dorofeyev and loses puck.
11:34 of 1st period - Shot by Steven Lorentz.
11:34 of 1st period - Deflect By Saku Maenalanen.
11:34 of 1st period - Stopped by Justus Annunen without a rebound.
11:35 of 1st period - Jonathan Toews wins face-off versus Marc McLaughlin in Griffins zone.
11:44 of 1st period - Shot by Steven Lorentz.
11:44 of 1st period - Deflect By Jonathan Toews.
11:44 of 1st period - Shot Blocked by Marc McLaughlin.
12:53 of 1st period - Shot by Jack Ahcan.
12:53 of 1st period - Stopped by Joseph Woll without a rebound.
12:54 of 1st period - Lias Andersson wins face-off versus Aidan Dudas in Palm Springs Eager zone.
13:10 of 1st period - Shot by Aidan Dudas.
13:10 of 1st period - Shot Blocked by Mike Hardman.
13:12 of 1st period - Shot by Drew O'Connor.
13:12 of 1st period - Shot Misses the Net.
13:14 of 1st period - Shot by Jake Walman.
13:14 of 1st period - Stopped by Joseph Woll without a rebound.
13:15 of 1st period - Scott Reedy wins face-off versus Sasha Chmelevski in Palm Springs Eager zone.
14:03 of 1st period - Off-side.
14:04 of 1st period - Jonathan Toews wins face-off versus Marc McLaughlin in neutral zone.
14:15 of 1st period - Shot by Jonathan Toews.
14:15 of 1st period - Stopped by Justus Annunen without a rebound.
14:16 of 1st period - Aidan Dudas wins face-off versus Nico Sturm in Griffins zone.
14:38 of 1st period - Off-side.
14:39 of 1st period - Marc McLaughlin wins face-off versus Jonathan Toews in neutral zone.
14:56 of 1st period - Gabriel Carlsson is hit by Saku Maenalanen and loses puck.
15:42 of 1st period - Shot by Sasha Chmelevski.
15:42 of 1st period - Stopped by Joseph Woll without a rebound.
15:43 of 1st period - Lias Andersson wins face-off versus Aidan Dudas in Palm Springs Eager zone.
16:18 of 1st period - Icing by Jake Dotchin.
16:19 of 1st period - Riley Duran wins face-off versus Aidan Dudas in Griffins zone.
16:50 of 1st period - Shot by Alexander Campbell.
16:50 of 1st period - Deflect By Alexander Gordin.
16:50 of 1st period - Shot Misses the Net.
17:38 of 1st period - Shot by Dmitry Ovchinnikov.
17:38 of 1st period - Shot Blocked by Dylan Coghlan.
18:00 of 1st period - Shot by Jack Ahcan.
18:00 of 1st period - Shot Misses the Net.
18:02 of 1st period - Shot by Jack Ahcan.
18:02 of 1st period - Shot Blocked by Ryan Graves.
18:07 of 1st period - Icing by Colin Miller.
18:08 of 1st period - Scott Reedy wins face-off versus Marc McLaughlin in Palm Springs Eager zone.
18:34 of 1st period - Minor Penalty to Jack Dugan for Tripping.
18:35 of 1st period - Mike Hardman wins face-off versus Fillip Zadina in Griffins zone.
18:38 of 1st period - Shot by Lias Andersson.
18:38 of 1st period - Stopped by Justus Annunen without a rebound.
18:39 of 1st period - Fillip Zadina wins face-off versus Jonathan Toews in Griffins zone.
18:39 of 1st period - Fillip Zadina is hit by Steven Lorentz.
18:49 of 1st period - Shot by Saku Maenalanen.
18:49 of 1st period - Shot Misses the Net.
18:51 of 1st period - Shot by Steven Lorentz.
18:51 of 1st period - Shot Blocked by Dylan Coghlan.
18:53 of 1st period - Shot by Jonathan Toews.
18:53 of 1st period - Stopped by Justus Annunen with a rebound.
18:55 of 1st period - Shot by Radko Gudas.
18:55 of 1st period - Stopped by Justus Annunen with a rebound.
18:57 of 1st period - Shot by Radko Gudas.
18:57 of 1st period - Shot Misses the Net.
18:59 of 1st period - Shot by Saku Maenalanen.
18:59 of 1st period - Goal by Saku Maenalanen - Griffins : 0 - Palm Springs Eager : 4.
18:59 of 1st period - Veini Vehvilainen enters game.
19:00 of 1st period - Lias Andersson wins face-off versus Marc McLaughlin in neutral zone.
19:04 of 1st period - Mike Hardman is hit by Jacob Larsson and loses puck.
19:16 of 1st period - Icing by Jack Ahcan.
19:17 of 1st period - Marc McLaughlin wins face-off versus Jonathan Toews in Griffins zone.
19:24 of 1st period - Shot by Jack Dugan.
19:24 of 1st period - Deflect By Nick Merkley.
19:24 of 1st period - Stopped by Joseph Woll with a rebound.
19:49 of 1st period - Icing by Jacob Larsson.
19:50 of 1st period - Jack Dugan wins face-off versus Lias Andersson in Griffins zone.
19:50 of 1st period - Jack Dugan is hit by Nico Sturm.
Goals for this period are 0 for Griffins vs 4 for Palm Springs Eager.
Shots for this period are 6 for Griffins vs 11 for Palm Springs Eager.

2nd period


0:01 of 2nd period - Sasha Chmelevski wins face-off versus Jonathan Toews in neutral zone.
0:29 of 2nd period - Minor Penalty to Colin Miller for Slashing.
0:30 of 2nd period - Jonathan Toews wins face-off versus Marc McLaughlin in Palm Springs Eager zone.
1:05 of 2nd period - Shot by Marc McLaughlin.
1:05 of 2nd period - Stopped by Joseph Woll without a rebound.
1:06 of 2nd period - Jonathan Toews wins face-off versus Fillip Zadina in Palm Springs Eager zone.
1:06 of 2nd period - Jonathan Toews is hit by Sasha Chmelevski.
1:24 of 2nd period - Icing by Fillip Zadina.
1:25 of 2nd period - Jonathan Toews wins face-off versus Sasha Chmelevski in Griffins zone.
1:34 of 2nd period - Tyler Benson is hit by Jonathan Toews and loses puck.
1:59 of 2nd period - Off-side.
2:00 of 2nd period - Lias Andersson wins face-off versus Marc McLaughlin in neutral zone.
2:37 of 2nd period - Shot by Aidan Dudas.
2:37 of 2nd period - Stopped by Joseph Woll without a rebound.
2:38 of 2nd period - Riley Duran wins face-off versus Aidan Dudas in Palm Springs Eager zone.
2:55 of 2nd period - Shot by Pavel Dorofeyev.
2:55 of 2nd period - Shot Blocked by Scott Mayfield.
2:57 of 2nd period - Shot by Jake Dotchin.
2:57 of 2nd period - Shot Misses the Net.
2:59 of 2nd period - Shot by Aidan Dudas.
2:59 of 2nd period - Shot Blocked by Scott Mayfield.
3:45 of 2nd period - Shot by Sasha Chmelevski.
3:45 of 2nd period - Stopped by Joseph Woll without a rebound.
3:46 of 2nd period - Jonathan Toews wins face-off versus Marc McLaughlin in Palm Springs Eager zone.
3:46 of 2nd period - Jonathan Toews is hit by Jack Dugan.
3:56 of 2nd period - Icing by Marc McLaughlin.
3:57 of 2nd period - Scott Reedy wins face-off versus Marc McLaughlin in Griffins zone.
3:57 of 2nd period - Jimmy Lodge is hit by Jacob Larsson.
4:25 of 2nd period - Shot by Dmitry Ovchinnikov.
4:25 of 2nd period - Stopped by Veini Vehvilainen without a rebound.
4:26 of 2nd period - Sasha Chmelevski wins face-off versus Jonathan Toews in Griffins zone.
5:27 of 2nd period - Shot by Mike Hardman.
5:27 of 2nd period - Deflect By Nico Sturm.
5:27 of 2nd period - Goal by Nico Sturm - Griffins : 0 - Palm Springs Eager : 5.
5:28 of 2nd period - Jimmy Lodge wins face-off versus Marc McLaughlin in neutral zone.
5:45 of 2nd period - Shot by Scott Reedy.
5:45 of 2nd period - Shot Misses the Net.
5:53 of 2nd period - Icing by Marc McLaughlin.
5:54 of 2nd period - Lias Andersson wins face-off versus Jack Dugan in Griffins zone.
6:28 of 2nd period - Shot by Lias Andersson.
6:28 of 2nd period - Shot Blocked by Jake Walman.
6:30 of 2nd period - Shot by Mike Hardman.
6:30 of 2nd period - Stopped by Veini Vehvilainen without a rebound.
6:31 of 2nd period - Aidan Dudas wins face-off versus Steven Lorentz in Griffins zone.
7:04 of 2nd period - Shot by Aidan Dudas.
7:04 of 2nd period - Shot Misses the Net.
7:12 of 2nd period - Shot by Pavel Dorofeyev.
7:12 of 2nd period - Deflect By Aidan Dudas.
7:12 of 2nd period - Goal by Aidan Dudas - Griffins : 1 - Palm Springs Eager : 5.
7:13 of 2nd period - Sasha Chmelevski wins face-off versus Scott Reedy in neutral zone.
7:26 of 2nd period - Shot by Scott Reedy.
7:26 of 2nd period - Shot Misses the Net.
7:34 of 2nd period - Shot by Tyler Benson.
7:34 of 2nd period - Shot Misses the Net.
7:36 of 2nd period - Shot by Sasha Chmelevski.
7:36 of 2nd period - Shot Blocked by Ryan Graves.
7:38 of 2nd period - Shot by Tyler Benson.
7:38 of 2nd period - Stopped by Joseph Woll without a rebound.
7:39 of 2nd period - Mike Hardman wins face-off versus Nick Merkley in Palm Springs Eager zone.
7:44 of 2nd period - Shot by Nick Merkley.
7:44 of 2nd period - Shot Misses the Net.
8:04 of 2nd period - Shot by Nico Sturm.
8:04 of 2nd period - Stopped by Veini Vehvilainen without a rebound.
8:05 of 2nd period - Sasha Chmelevski wins face-off versus Jonathan Toews in Griffins zone.
8:34 of 2nd period - Shot by Fillip Zadina.
8:34 of 2nd period - Deflect By Sasha Chmelevski.
8:34 of 2nd period - Shot Blocked by Ryan Graves.
8:36 of 2nd period - Shot by Fillip Zadina.
8:36 of 2nd period - Shot Misses the Net.
9:25 of 2nd period - Shot by Mike Hardman.
9:25 of 2nd period - Shot Misses the Net.
9:29 of 2nd period - Shot by Lias Andersson.
9:29 of 2nd period - Deflect By Nico Sturm.
9:29 of 2nd period - Stopped by Veini Vehvilainen with a rebound.
9:31 of 2nd period - Shot by Nico Sturm.
9:31 of 2nd period - Stopped by Veini Vehvilainen with a rebound.
9:35 of 2nd period - Shot by Mike Hardman.
9:35 of 2nd period - Stopped by Veini Vehvilainen with a rebound.
9:37 of 2nd period - Shot by Mike Hardman.
9:37 of 2nd period - Stopped by Veini Vehvilainen without a rebound.
9:38 of 2nd period - Aidan Dudas wins face-off versus Scott Reedy in Griffins zone.
10:00 of 2nd period - Icing by Scott Mayfield.
10:01 of 2nd period - Scott Reedy wins face-off versus Sasha Chmelevski in Palm Springs Eager zone.
10:10 of 2nd period - Shot by Dmitry Ovchinnikov.
10:10 of 2nd period - Stopped by Veini Vehvilainen without a rebound.
10:11 of 2nd period - Lias Andersson wins face-off versus Tyler Benson in Griffins zone.
10:24 of 2nd period - Shot by Fillip Zadina.
10:24 of 2nd period - Stopped by Joseph Woll without a rebound.
10:25 of 2nd period - Jack Dugan wins face-off versus Jonathan Toews in Palm Springs Eager zone.
10:44 of 2nd period - Shot by Steven Lorentz.
10:44 of 2nd period - Stopped by Veini Vehvilainen with a rebound.
11:25 of 2nd period - Shot by Lias Andersson.
11:25 of 2nd period - Shot Misses the Net.
11:27 of 2nd period - Shot by Colin Miller.
11:27 of 2nd period - Shot Misses the Net.
11:55 of 2nd period - Shot by Mike Hardman.
11:55 of 2nd period - Stopped by Veini Vehvilainen with a rebound.
11:57 of 2nd period - Shot by Ryan Graves.
11:57 of 2nd period - Shot Misses the Net.
11:59 of 2nd period - Shot by Lias Andersson.
11:59 of 2nd period - Stopped by Veini Vehvilainen without a rebound.
12:00 of 2nd period - Riley Duran wins face-off versus Sasha Chmelevski in Griffins zone.
12:23 of 2nd period - Shot by Fillip Zadina.
12:23 of 2nd period - Shot Blocked by Scott Mayfield.
12:25 of 2nd period - Shot by Fillip Zadina.
12:25 of 2nd period - Stopped by Joseph Woll without a rebound.
12:26 of 2nd period - Aidan Dudas wins face-off versus Scott Reedy in Palm Springs Eager zone.
12:27 of 2nd period - Shot by Drew O'Connor.
12:27 of 2nd period - Goal by Drew O'Connor - Griffins : 2 - Palm Springs Eager : 5.
12:28 of 2nd period - Jonathan Toews wins face-off versus Pavel Dorofeyev in neutral zone.
12:42 of 2nd period - Steven Lorentz is hit by Jake Dotchin.
12:44 of 2nd period - Shot by Saku Maenalanen.
12:44 of 2nd period - Stopped by Veini Vehvilainen without a rebound.
12:45 of 2nd period - Sasha Chmelevski wins face-off versus Lias Andersson in Griffins zone.
13:38 of 2nd period - Off-side.
13:39 of 2nd period - Aidan Dudas wins face-off versus Jonathan Toews in neutral zone.
13:39 of 2nd period - Pavel Dorofeyev is hit by Jonathan Toews and loses puck.
14:32 of 2nd period - Scott Mayfield is hit by Pavel Dorofeyev and loses puck.
14:56 of 2nd period - Icing by Jake Dotchin.
14:57 of 2nd period - Aidan Dudas wins face-off versus Lias Andersson in Griffins zone.
15:38 of 2nd period - Shot by Fillip Zadina.
15:38 of 2nd period - Stopped by Joseph Woll without a rebound.
15:39 of 2nd period - Marc McLaughlin wins face-off versus Dmitry Ovchinnikov in Palm Springs Eager zone.
15:46 of 2nd period - Shot by Marc McLaughlin.
15:46 of 2nd period - Shot Misses the Net.
15:48 of 2nd period - Shot by Marc McLaughlin.
15:48 of 2nd period - Shot Blocked by Gavin Bayreuther.
16:00 of 2nd period - Shot by Nick Merkley.
16:00 of 2nd period - Stopped by Joseph Woll without a rebound.
16:01 of 2nd period - Saku Maenalanen wins face-off versus Sasha Chmelevski in Palm Springs Eager zone.
16:01 of 2nd period - Saku Maenalanen is hit by Sasha Chmelevski.
16:04 of 2nd period - Icing by Jonathan Toews.
16:05 of 2nd period - Jonathan Toews wins face-off versus Sasha Chmelevski in Palm Springs Eager zone.
16:13 of 2nd period - Icing by Dylan Coghlan.
16:14 of 2nd period - Sasha Chmelevski wins face-off versus Lias Andersson in Griffins zone.
16:31 of 2nd period - Shot by Lias Andersson.
16:31 of 2nd period - Shot Misses the Net.
16:33 of 2nd period - Shot by Mike Hardman.
16:33 of 2nd period - Deflect By Lias Andersson.
16:33 of 2nd period - Stopped by Veini Vehvilainen with a rebound.
16:55 of 2nd period - Shot by Lias Andersson.
16:55 of 2nd period - Deflect By Nico Sturm.
16:55 of 2nd period - Stopped by Veini Vehvilainen with a rebound.
16:57 of 2nd period - Shot by Lias Andersson.
16:57 of 2nd period - Stopped by Veini Vehvilainen without a rebound.
16:58 of 2nd period - Saku Maenalanen wins face-off versus Marc McLaughlin in Griffins zone.
17:18 of 2nd period - Off-side.
17:19 of 2nd period - Aidan Dudas wins face-off versus Riley Duran in neutral zone.
17:23 of 2nd period - Off-side.
17:24 of 2nd period - Pavel Dorofeyev wins face-off versus Scott Reedy in neutral zone.
17:31 of 2nd period - Shot by Aidan Dudas.
17:31 of 2nd period - Shot Misses the Net.
17:43 of 2nd period - Shot by Scott Reedy.
17:43 of 2nd period - Shot Misses the Net.
17:45 of 2nd period - Shot by Gavin Bayreuther.
17:45 of 2nd period - Shot Blocked by Jacob Larsson.
17:47 of 2nd period - Shot by Jimmy Lodge.
17:47 of 2nd period - Shot Misses the Net.
17:49 of 2nd period - Shot by Jimmy Lodge.
17:49 of 2nd period - Stopped by Veini Vehvilainen without a rebound.
17:50 of 2nd period - Jonathan Toews wins face-off versus Sasha Chmelevski in Griffins zone.
17:55 of 2nd period - Shot by Steven Lorentz.
17:55 of 2nd period - Stopped by Veini Vehvilainen without a rebound.
17:56 of 2nd period - Tyler Benson wins face-off versus Jonathan Toews in Griffins zone.
18:36 of 2nd period - Icing by Jonathan Toews.
18:37 of 2nd period - Saku Maenalanen wins face-off versus Marc McLaughlin in Palm Springs Eager zone.
19:22 of 2nd period - Icing by Jacob Larsson.
19:23 of 2nd period - Marc McLaughlin wins face-off versus Riley Duran in Griffins zone.
19:37 of 2nd period - Shot by Scott Mayfield.
19:37 of 2nd period - Shot Misses the Net.
Goals for this period are 2 for Griffins vs 1 for Palm Springs Eager.
Shots for this period are 10 for Griffins vs 18 for Palm Springs Eager.

3rd period


0:01 of 3rd period - Sasha Chmelevski wins face-off versus Jonathan Toews in neutral zone.
0:10 of 3rd period - Saku Maenalanen is hit by Gabriel Carlsson and loses puck.
0:19 of 3rd period - Shot by Jonathan Toews.
0:19 of 3rd period - Stopped by Veini Vehvilainen without a rebound.
0:20 of 3rd period - Nico Sturm wins face-off versus Marc McLaughlin in Griffins zone.
0:20 of 3rd period - Nico Sturm is hit by Jake Dotchin.
0:24 of 3rd period - Shot by Lias Andersson.
0:24 of 3rd period - Shot Misses the Net.
0:33 of 3rd period - Icing by Gavin Bayreuther.
0:34 of 3rd period - Sasha Chmelevski wins face-off versus Lias Andersson in Palm Springs Eager zone.
0:46 of 3rd period - Shot by Mike Hardman.
0:46 of 3rd period - Shot Misses the Net.
0:48 of 3rd period - Shot by Nico Sturm.
0:48 of 3rd period - Stopped by Veini Vehvilainen with a rebound.
0:50 of 3rd period - Shot by Nico Sturm.
0:50 of 3rd period - Shot Misses the Net.
0:52 of 3rd period - Shot by Nico Sturm.
0:52 of 3rd period - Shot Blocked by Gabriel Carlsson.
0:52 of 3rd period - Gabriel Carlsson from Griffins is injured at 0:52 of 3rd period (Torso).
0:53 of 3rd period - Marc McLaughlin wins face-off versus Jonathan Toews in Griffins zone.
0:58 of 3rd period - Marc McLaughlin is hit by Saku Maenalanen and loses puck.
1:03 of 3rd period - Shot by Saku Maenalanen.
1:03 of 3rd period - Stopped by Veini Vehvilainen without a rebound.
1:04 of 3rd period - Sasha Chmelevski wins face-off versus Scott Reedy in Griffins zone.
1:14 of 3rd period - Icing by Colin Miller.
1:15 of 3rd period - Scott Reedy wins face-off versus Ivan Chekhovich in Palm Springs Eager zone.
1:15 of 3rd period - Scott Reedy is hit by Shane Gersich.
1:16 of 3rd period - Minor Penalty to Shane Gersich for Hooking.
1:17 of 3rd period - Fillip Zadina wins face-off versus Jonathan Toews in Griffins zone.
1:52 of 3rd period - Shot by Ryan Graves.
1:52 of 3rd period - Shot Misses the Net.
1:54 of 3rd period - Shot by Saku Maenalanen.
1:54 of 3rd period - Stopped by Veini Vehvilainen with a rebound.
1:56 of 3rd period - Shot by Steven Lorentz.
1:56 of 3rd period - Shot Blocked by Jack Ahcan.
2:42 of 3rd period - Shot by Gavin Bayreuther.
2:42 of 3rd period - Shot Hit the Post.
2:44 of 3rd period - Shot by Gavin Bayreuther.
2:44 of 3rd period - Shot Misses the Net.
3:00 of 3rd period - Shot by Steven Lorentz.
3:00 of 3rd period - Shot Misses the Net.
3:02 of 3rd period - Shot by Ryan Graves.
3:02 of 3rd period - Stopped by Veini Vehvilainen with a rebound.
3:04 of 3rd period - Shot by Colin Miller.
3:04 of 3rd period - Stopped by Veini Vehvilainen without a rebound.
3:05 of 3rd period - Fillip Zadina wins face-off versus Lias Andersson in Griffins zone.
3:38 of 3rd period - Off-side.
3:39 of 3rd period - Drew O'Connor wins face-off versus Riley Duran in neutral zone.
3:46 of 3rd period - Shot by Dylan Coghlan.
3:46 of 3rd period - Stopped by Joseph Woll without a rebound.
3:47 of 3rd period - Sasha Chmelevski wins face-off versus Riley Duran in Palm Springs Eager zone.
3:48 of 3rd period - Shot by Fillip Zadina.
3:48 of 3rd period - Deflect By Tyler Benson.
3:48 of 3rd period - Shot Misses the Net.
4:00 of 3rd period - Shot by Sasha Chmelevski.
4:00 of 3rd period - Deflect By Tyler Benson.
4:00 of 3rd period - Stopped by Joseph Woll without a rebound.
4:01 of 3rd period - Jack Dugan wins face-off versus Jonathan Toews in Palm Springs Eager zone.
4:01 of 3rd period - Jack Ahcan is hit by Ryan Graves and loses puck.
4:21 of 3rd period - Icing by Jack Ahcan.
4:22 of 3rd period - Marc McLaughlin wins face-off versus Mike Hardman in Griffins zone.
5:16 of 3rd period - Steven Lorentz is hit by Marc McLaughlin.
5:28 of 3rd period - Shot by Jonathan Toews.
5:28 of 3rd period - Stopped by Veini Vehvilainen without a rebound.
5:29 of 3rd period - Sasha Chmelevski wins face-off versus Scott Reedy in Griffins zone.
5:29 of 3rd period - Sasha Chmelevski is hit by Scott Reedy.
5:40 of 3rd period - Sasha Chmelevski is hit by Michael Anderson and loses puck.
6:04 of 3rd period - Shot by Dmitry Ovchinnikov.
6:04 of 3rd period - Shot Misses the Net.
6:06 of 3rd period - Shot by Dmitry Ovchinnikov.
6:06 of 3rd period - Stopped by Veini Vehvilainen without a rebound.
6:07 of 3rd period - Jonathan Toews wins face-off versus Aidan Dudas in Griffins zone.
6:18 of 3rd period - Shot by Pavel Dorofeyev.
6:18 of 3rd period - Shot Misses the Net.
6:31 of 3rd period - Icing by Ryan Graves.
6:32 of 3rd period - Jonathan Toews wins face-off versus Shane Gersich in Palm Springs Eager zone.
6:58 of 3rd period - Icing by Colin Miller.
6:59 of 3rd period - Jonathan Toews wins face-off versus Aidan Dudas in Palm Springs Eager zone.
7:27 of 3rd period - Lias Andersson is hit by Jack Ahcan and loses puck.
7:35 of 3rd period - Nico Sturm is hit by Jacob Larsson and loses puck.
7:41 of 3rd period - Mike Hardman is hit by Jack Ahcan and loses puck.
8:27 of 3rd period - Shot by Fillip Zadina.
8:27 of 3rd period - Goal by Fillip Zadina - Griffins : 3 - Palm Springs Eager : 5.
8:28 of 3rd period - Marc McLaughlin wins face-off versus Riley Duran in neutral zone.
8:34 of 3rd period - Michael Anderson is hit by Jake Walman and loses puck.
8:47 of 3rd period - Shot by Alexander Gordin.
8:47 of 3rd period - Stopped by Veini Vehvilainen without a rebound.
8:48 of 3rd period - Sasha Chmelevski wins face-off versus Scott Reedy in Griffins zone.
8:48 of 3rd period - Sasha Chmelevski is hit by Scott Reedy.
8:59 of 3rd period - Icing by Colin Miller.
9:00 of 3rd period - Marc McLaughlin wins face-off versus Dmitry Ovchinnikov in Palm Springs Eager zone.
9:01 of 3rd period - Shot by Nick Merkley.
9:01 of 3rd period - Shot Blocked by Colin Miller.
10:23 of 3rd period - Sasha Chmelevski is hit by Jonathan Toews and loses puck.
10:54 of 3rd period - Shot by Mike Hardman.
10:54 of 3rd period - Deflect By Nico Sturm.
10:54 of 3rd period - Stopped by Veini Vehvilainen with a rebound.
10:56 of 3rd period - Shot by Nico Sturm.
10:56 of 3rd period - Shot Misses the Net.
11:14 of 3rd period - Nico Sturm is hit by Sasha Chmelevski and loses puck.
11:28 of 3rd period - Icing by Tyler Benson.
11:29 of 3rd period - Sasha Chmelevski wins face-off versus Scott Reedy in Griffins zone.
11:29 of 3rd period - Sasha Chmelevski is hit by Scott Reedy.
11:40 of 3rd period - Icing by Jack Ahcan.
11:41 of 3rd period - Riley Duran wins face-off versus Tyler Benson in Griffins zone.
11:56 of 3rd period - Alexander Campbell is hit by Sasha Chmelevski and loses puck.
12:51 of 3rd period - Shot by Marc McLaughlin.
12:51 of 3rd period - Stopped by Joseph Woll without a rebound.
12:52 of 3rd period - Jonathan Toews wins face-off versus Marc McLaughlin in Palm Springs Eager zone.
12:52 of 3rd period - Saku Maenalanen is hit by Nick Merkley and loses puck.
13:23 of 3rd period - Shot by Nick Merkley.
13:23 of 3rd period - Goal by Nick Merkley - Griffins : 4 - Palm Springs Eager : 5.
13:24 of 3rd period - Lias Andersson wins face-off versus Aidan Dudas in neutral zone.
14:27 of 3rd period - Icing by Jack Ahcan.
14:28 of 3rd period - Jonathan Toews wins face-off versus Marc McLaughlin in Griffins zone.
14:33 of 3rd period - Shot by Saku Maenalanen.
14:33 of 3rd period - Stopped by Veini Vehvilainen without a rebound.
14:34 of 3rd period - Sasha Chmelevski wins face-off versus Jonathan Toews in Griffins zone.
14:47 of 3rd period - Fillip Zadina is hit by Saku Maenalanen and loses puck.
14:59 of 3rd period - Icing by Jack Ahcan.
15:00 of 3rd period - Sasha Chmelevski wins face-off versus Jimmy Lodge in Griffins zone.
15:42 of 3rd period - Shot by Jack Dugan.
15:42 of 3rd period - Shot Misses the Net.
15:44 of 3rd period - Shot by Dylan Coghlan.
15:44 of 3rd period - Shot Misses the Net.
15:46 of 3rd period - Shot by Dylan Coghlan.
15:46 of 3rd period - Deflect By Jack Dugan.
15:46 of 3rd period - Shot Blocked by Radko Gudas.
15:48 of 3rd period - Shot by Dylan Coghlan.
15:48 of 3rd period - Stopped by Joseph Woll without a rebound.
15:49 of 3rd period - Jonathan Toews wins face-off versus Aidan Dudas in Palm Springs Eager zone.
17:07 of 3rd period - Icing by Jake Walman.
17:08 of 3rd period - Riley Duran wins face-off versus Aidan Dudas in Griffins zone.
17:12 of 3rd period - Minor Penalty to Radko Gudas for Boarding.
17:13 of 3rd period - Jonathan Toews wins face-off versus Sasha Chmelevski in Palm Springs Eager zone.
17:52 of 3rd period - Shot by Tyler Benson.
17:52 of 3rd period - Stopped by Joseph Woll without a rebound.
17:53 of 3rd period - Marc McLaughlin wins face-off versus Lias Andersson in Palm Springs Eager zone.
18:49 of 3rd period - Shot by Jack Ahcan.
18:49 of 3rd period - Stopped by Joseph Woll with a rebound.
18:51 of 3rd period - Shot by Sasha Chmelevski.
18:51 of 3rd period - Shot Misses the Net.
18:53 of 3rd period - Shot by Tyler Benson.
18:53 of 3rd period - Deflect By Fillip Zadina.
18:53 of 3rd period - Shot Misses the Net.
18:55 of 3rd period - Shot by Tyler Benson.
18:55 of 3rd period - Stopped by Joseph Woll with a rebound.
18:57 of 3rd period - Shot by Jack Ahcan.
18:57 of 3rd period - Stopped by Joseph Woll with a rebound.
19:05 of 3rd period - Griffins, Veini Vehvilainen is pulled from the net.
19:17 of 3rd period - Shot by Nick Merkley.
19:17 of 3rd period - Shot Misses the Net.
19:45 of 3rd period - Shot by Saku Maenalanen.
19:45 of 3rd period - Goal by Saku Maenalanen - Griffins : 4 - Palm Springs Eager : 6.
19:45 of 3rd period - Veini Vehvilainen from Griffins was sent back in the game.
19:46 of 3rd period - Aidan Dudas wins face-off versus Scott Reedy in neutral zone.
Goals for this period are 2 for Griffins vs 1 for Palm Springs Eager.
Shots for this period are 10 for Griffins vs 12 for Palm Springs Eager.